 Dungeon Crawl Stone Soup version 0.28-a0-1087-gf3fc490d9d (webtiles) character file.

Game seed: 17391453001443140524

80952 RepHenryClay the Nimble (level 15, -2/81 HPs)
             Began as an Octopode Earth Elementalist on Dec 10, 2021.
             Was a High Priest of Vehumet.
             Shot with a bolt by a yaktaur (22 damage)
             ... on level 14 of the Dungeon.
             The game lasted 01:09:07 (39957 turns).

RepHenryClay the Nimble (OpEE)                     Turns: 39957, Time: 01:09:08

Health: -2/81      AC: 12    Str:  9    XL:     15   Next: 68%
Magic:  24/30      EV: 24    Int: 22    God:    Vehumet [*****.]
Gold:   2264       SH:  7    Dex: 14    Spells: 8/36 levels left

rFire   . . .      SeeInvis .   a - +2 dagger (venom)
rCold   . . .      Faith    .   V - +2 buckler {AC+3}
rNeg    + + .      Spirit   .   (helmet restricted)
rPois   +          Reflect  .   N - amulet of regeneration
rElec   .          Harm     .   e - +4 ring of evasion
rCorr   .          Rampage  .   v - ring of positive energy
Will    +....                   g - ring of poison resistance
Stlth   +++.......              k - +4 ring of protection
HPRegen 1.03/turn               R - ring of positive energy
MPRegen 0.22/turn               W - +4 ring of protection
                                (no ring)
                                (no ring)

@: no status effects
A: almost no armour, amphibious, 8 rings, camouflage 1, gelatinous body 1,
(nimble swimmer 1), tentacles
a: Renounce Religion


You were on level 14 of the Dungeon.
You worshipped Vehumet.
Vehumet was extremely pleased with you.
You visited 4 branches of the dungeon, and saw 23 of its levels.
You also visited: Bailey.

You collected 2500 gold pieces.
You spent 236 gold pieces at shops.

Inventory:

Hand Weapons
 a - a +2 dagger of venom (weapon)
 p - a +2 whip of freezing
 C - a +0 dagger of freezing
Missiles
 b - 477 stones
 x - 9 throwing nets
Armour
 V - a +2 buckler of protection (worn)
Magical Staves
 n - a staff of cold
Jewellery
 e - a +4 ring of evasion (left tentacle)
 g - a ring of poison resistance (on tentacle)
 k - a +4 ring of protection (on tentacle)
 v - a ring of positive energy (right tentacle)
 E - an amulet of the acrobat
 N - an amulet of regeneration (around mantle)
 R - a ring of positive energy (on tentacle)
 T - a ring of ice
 W - a +4 ring of protection (on tentacle)
Wands
 s - a wand of digging (11)
 t - a wand of mindburst (14)
 A - a wand of charming (5)
 F - a wand of flame (9)
 M - a wand of paralysis (4)
 S - a wand of acid (20)
Scrolls
 f - 2 scrolls of magic mapping
 j - 5 scrolls of amnesia
 u - 7 scrolls of teleportation
 y - 5 scrolls of enchant weapon
 B - 2 scrolls of holy word
 J - 3 scrolls of vulnerability
 L - 10 scrolls of identify {@r1}
 P - 2 scrolls of silence
 Q - a scroll of fog
 Y - a scroll of enchant armour
Potions
 c - 3 potions of curing
 d - 3 potions of flight
 h - 5 potions of attraction
 i - 7 potions of might
 l - 2 potions of cancellation
 o - 2 potions of degeneration
 q - 2 potions of lignification
 r - a potion of berserk rage
 w - 9 potions of ambrosia
 z - 5 potions of haste
 D - 3 potions of mutation
 G - 2 potions of resistance
 H - 2 potions of magic
 I - 4 potions of brilliance
 O - a potion of heal wounds
Miscellaneous
 K - a lightning rod (4/4)
 U - a box of beasts
 X - a condenser vane


   Skills:
 + Level 14.8 Dodging
 - Level 2.8 Stealth
 - Level 6.1 Shields
 - Level 11.0 Spellcasting
 + Level 14.5 Conjurations
 - Level 3.3 Transmutations
 - Level 8.0 Air Magic
 - Level 7.3 Earth Magic
 - Level 9.0 Poison Magic


You had 8 spell levels left.
You knew the following spells:

 Your Spells              Type           Power      Damage    Failure   Level
a - Stone Arrow           Conj/Erth      100%       3d13      1%          3
b - Freezing Cloud        Conj/Ice/Air   22%        6-21      1%          5
c - Magic Dart            Conj           100%       1d8       0%          1
d - Mephitic Cloud        Conj/Pois/Air  55%        N/A       1%          3
e - Olgreb's Toxic Radia  Pois           51%        N/A       1%          4
f - Lightning Bolt        Conj/Air       28%        1d45      1%          5
g - Poisonous Vapours     Pois/Air       98%        N/A       1%          2
h - Lee's Rapid Deconstr  Erth           22%        3d13*     2%          5

Your spell library contained the following spells:

 Spells                   Type           Power      Damage    Failure   Level
 Spellforged Servitor     Conj/Summ      22%        N/A       50%         7
 Sandblast                Erth           88%        2d18      1%          1
 Sting                    Tmut/Pois      100%       1d8       1%          1
 Passwall                 Tmut/Erth      29%        N/A       1%          2
 Airstrike                Air            23%        N/A       1%          4
 Orb of Destruction       Conj           33%        9d12      3%          7
 Animate Skeleton         Necr           24%        N/A       5%          1
 Apportation              Tloc           24%        N/A       5%          1
 Slow                     Hex            48%        N/A       5%          1
 Summon Small Mammal      Summ           48%        N/A       5%          1
 Petrify                  Tmut/Erth      35%        N/A       6%          4
 Call Imp                 Summ           12%        N/A       9%          2
 Summon Lightning Spire   Summ/Air       29%        N/A       11%         4
 Confusing Touch          Hex            12%        N/A       16%         3
 Summon Guardian Golem    Hex/Summ       12%        N/A       16%         3
 Yara's Violent Unravell  Hex/Tmut       9%         3d6       21%         5
 Statue Form              Tmut/Erth      23%        N/A       67%         6
 Lehudib's Crystal Spear  Conj/Erth      28%        10d8      67%         8
 Metabolic Englaciation   Hex/Ice        6%         N/A       83%         5
 Simulacrum               Ice/Necr       6%         N/A       100%        6
 Polar Vortex             Ice            6%         N/A       100%        9
 Animate Armour           Summ/Erth      Unusable   N/A       N/A         4

Dungeon Overview and Level Annotations

Branches:
Dungeon (14/15)            Temple (1/1) D:6            Lair (6/6) D:10
 Shoals (0/4) Lair:4       Spider (0/4) Lair:3        Slime (0/5) Lair:6
    Orc (2/2) D:9          Bailey (visited)
    Elf: Orc:2       Vaults: D:13-14

Altars:
Ashenzari
Cheibriados
Dithmenos
Elyvilon
Fedhas
Gozag
Hepliaklqana
Kikubaaqudgha
Makhleb
Nemelex Xobeh
Okawaru
Qazlal
Ru
Sif Muna
Trog
Uskayaw
Vehumet
Wu Jian
Xom
Yredelemnul
Zin
The Shining One
Lugonu

Shops:
D:4 :   D:5 (   D:7 *   D:11 [   D:12 *

Portals:
Abyss: D:3

Annotations:
D:7 2 exclusions
D:8 3 exclusions
Lair:3 1 runed translucent door, Lenagic's ghost, journeyman VSBe
Orc:2 Rupert


Innate Abilities, Weirdness & Mutations

You cannot wear most types of armour.
You are amphibious.
You can wear up to eight rings at the same time.
Your skin changes colour to match your surroundings (Stealth+).
Your rubbery body absorbs attacks. (AC +1, EV +1)
((You are camouflaged near water. (Stealth+)))
You have tentacles for arms and can constrict up to eight enemies at once.


Message History

The yaktaur captain looks even sicker.
The yaktaur wails, "Help!"
The yaktaur captain shoots a bolt.
The bolt closely misses you.
The yaktaur shoots a bolt.
The bolt hits you!
* * * LOW HITPOINT WARNING * * *
Huge Dmg: -14%(-11hp) hp: 26%(21hp)
Okay, then.
Okay, then.
Okay, then.
As you read the scroll of fog, it crumbles to dust.
The scroll dissolves into smoke.
Your toxic aura wanes.
The yaktaur captain shoots a bolt.
The bolt closely misses you.
The yaktaur shoots a bolt.
The bolt closely misses you. Vehumet accepts your kill.
You feel your power returning.
You feel a bit more experienced.
There is an open door here.
The yaktaur shoots a bolt.
You block the bolt.
Casting: Olgreb's Toxic Radiance (safe; 1% risk of failure)
Confirm with . or Enter, or press ? or * to list all spells.
Aiming: Mephitic Cloud (safe; 1% risk of failure)
Press: ? - help, Shift-Dir - straight line, f - yaktaur
Aim: a yaktaur, wielding a +0 arbalest and quivering bolts (purple smoke, moderately wounded, very poisoned, chance to affect: 62%)
Okay, then.
There is an open door here.
As you close the door, it creaks loudly!
A yaktaur opens the door.
The yaktaur shoots a bolt.
The bolt hits you!
* * * LOW HITPOINT WARNING * * *
Huge Dmg: -18%(-15hp) hp: 24%(19hp) Unknown command.
The yaktaur shoots a bolt.
The bolt hits you!
* * * LOW HITPOINT WARNING * * *
Huge Dmg: -7%(-6hp) hp: 17%(13hp) Unknown command.
Found a broken altar of Ashenzari.
Found a shiny onyx ring and a leather armour.
Found 7 stones.
Found a stone staircase leading down.
The yaktaur shoots a bolt.
The bolt hits you!!
You die...

***+**,,*****,,,*****,,*****
*,,,,*,,*,,,,,,,,,,,*,,*,,,,
*,,,,*,,*,,,,,,,,,,,+,,+,,,,
*,,.,*,,*,,,,,,,,,,,*,,*,,,,
*,,..####*,######****,,****#
*,,.=....#+#....#,,*,,,,,,,#
*,,>.....#_#....#,,+,,,,,,,#
*,,......###....#,,********#
*,,,,#....@.....#,,,,,,*,,,#
*,,,,#..........####,,,*,,,#
*,,,,#..........#..#...+,,,#
*,,,,#..#...#...'..'...*,,,#
*,,,,#[(#...#...##########*#
*,,,,#.,#...#.............,,
*,,,,#,,#...#.............,,
********##+######c.#########
*,,,,,,,.......#.........#..


You could see a yaktaur.

Vanquished Creatures
  Nessos (D:12)
  3 boulder beetles
  5 hydras
  2 catoblepae
  Erolcha (D:11)
  3 centaur warriors (D:13)
  A death knight (D:13)
  A tengu warrior (D:13)
  Erica (D:10)
  6 two-headed ogres
  A deep troll shaman (Lair:6)
  8 death yaks (Lair:6)
  An orc high priest (Orc:1)
  Nergalle (Lair:3)
  A sea snake (shapeshifter) (D:13)
  A skeletal warrior (D:13)
  2 lindwurms (Lair:6)
  A deep elf pyromancer (D:13)
  5 ugly things
  An oklob plant (Lair:6)
  An orc sorcerer (Orc:1)
  A wolf spider (Lair:3)
  2 cyclopes
  7 manticores
  2 gargoyles (D:12)
  5 black mambas
  16 cane toads
  18 elephants
  Maggie (D:6)
  A yaktaur (D:14)
  2 efreet (D:13)
  3 kobold demonologists
  An unseen horror (D:12)
  11 komodo dragons
  3 rime drakes
  3 freezing wraiths
  2 polar bears
  7 trolls
  2 jumping spiders (Lair:3)
  18 blink frogs
  5 dream sheep (Lair:6)
  A meliai zombie (D:11)
  2 hornets (D:9)
  A dream sheep (shapeshifter) (D:13)
  2 slime creatures
  A snapping turtle (Lair:4)
  Sigmund (D:3)
  A redback (Lair:3)
  A shadow (D:9)
  3 vampires
  4 wraiths
  3 wyverns
  47 yaks
  3 basilisks
  Grum (Lair:1)
  3 vampire mosquitoes (D:13)
  A warg (D:9)
  2 steam dragons
  Edmund (D:6)
  6 acid dragons
  Duvessa (D:6)
  29 water moccasins
  A swamp drake (Lair:3)
  2 sky beasts (D:7)
  7 orc warriors
  5 black bears
  An ice beast (D:6)
  4 ogres
  8 centaurs
  13 wolves
  5 kobold brigands
  19 bullfrogs
  A scorpion (D:4)
  A wyvern zombie (D:9)
  9 gnoll sergeants
  Dowan (D:6)
  A water moccasin skeleton (D:7)
  25 killer bees
  An electric eel (Lair:4)
  4 wights (D:9)
  2 howler monkeys
  9 centaur zombies
  5 jellies
  A centaur skeleton (D:4)
  2 hounds (Bailey)
  5 orc priests
  6 gnoll shamans (Bailey)
  17 orc wizards
  An iguana (D:4)
  13 hell rats
  A killer bee zombie (D:8)
  A hound skeleton (D:4)
  A howler monkey zombie (D:9)
  25 gnolls
  17 adders
  13 river rats (Lair:2)
  A shadow imp (D:6)
  2 ufetubi
  2 worms
  4 dart slugs
  53 orcs
  9 endoplasms
  4 giant cockroaches
  7 hobgoblins
  8 jackals
  7 quokkas
  3 training dummies (D:5)
  8 ball pythons
  4 bats
  8 frilled lizards
  4 goblins
  19 kobolds
  19 rats
660 creatures vanquished.

Vanquished Creatures (collateral kills)
  A queen bee (D:9)
  4 killer bees (D:9)
  2 wights (D:9)
7 creatures vanquished.

Vanquished Creatures (others)
  2 killer bees (D:9)
  An orc wizard (Orc:1)
  A bush (Lair:6)
  77 fungi
  2 lurking horrors (D:3)
  89 plants
172 creatures vanquished.

Grand Total: 839 creatures vanquished

Notes
Turn   | Place    | Note
-------+----------+-------------------------------------------
     0 | D:1      | RepHenryClay the Octopode Earth Elementalist began the
                  | quest for the Orb.
     0 | D:1      | Reached XP level 1. HP: 11/11 MP: 3/3
   493 | D:1      | Reached XP level 2. HP: 17/17 MP: 3/5
   555 | D:1      | Found a faded altar of an unknown god.
  1334 | D:2      | Reached XP level 3. HP: 21/21 MP: 1/6
  2127 | D:2      | Learned a level 3 spell: Stone Arrow
  2424 | D:2      | Reached XP level 4. HP: 27/27 MP: 2/7
  2528 | D:2      | Reached skill level 1 in Conjurations
  2827 | D:3      | Learned a level 1 spell: Magic Dart
  3072 | D:3      | Noticed Sigmund
  3124 | D:3      | Reached XP level 5. HP: 31/31 MP: 6/8
  3169 | D:3      | Found a hide-covered altar of Uskayaw.
  3222 | D:4      | Found a white marble altar of Elyvilon.
  3586 | D:4      | Identified the +1 chain mail "Fos Tupu" {Int+3}
  3587 | D:4      | Found Pegagiy's Self-Improvement Boutique.
  4093 | D:4      | Reached XP level 6. HP: 13/36 MP: 1/9
  4490 | D:5      | Entered Level 5 of the Dungeon
  4543 | D:5      | Found a basalt altar of Yredelemnul.
  4867 | D:5      | Found Wotuhyruli's Firing Range.
  4884 | D:5      | Reached skill level 5 in Conjurations
  5009 | D:6      | Noticed Maggie
  5145 | D:6      | Noticed an ice beast
  5148 | D:6      | Killed an ice beast
  5295 | D:6      | Found a staircase to the Ecumenical Temple.
  5300 | Temple   | Entered the Ecumenical Temple
  5355 | Temple   | Became a worshipper of Vehumet
  5386 | D:6      | Found a shimmering altar of Xom.
  5455 | D:6      | Noticed Edmund
  5484 | D:6      | Learned a level 3 spell: Mephitic Cloud
  5505 | D:6      | Reached XP level 7. HP: 41/41 MP: 7/10
  5699 | D:7      | Found Jipygr Inly's Neck Hole.
  5748 | D:7      | Noticed a two-headed ogre
  6364 | D:7      | Reached skill level 1 in Poison Magic
  6591 | D:7      | Reached XP level 8. HP: 42/46 MP: 10/12
  8287 | D:8      | Found a hazy altar of Hepliaklqana.
  8287 | D:8      | Found a burning altar of Makhleb.
  8861 | D:3      | Killed Sigmund
  8931 | D:3      | Found a corrupted altar of Lugonu.
  8934 | D:3      | Found a one-way gate to the infinite horrors of the Abyss.
  9508 | D:3      | Reached * piety under Vehumet
  9508 | D:3      | Offered knowledge of Freeze by Vehumet.
  9531 | D:3      | Found a bloodstained altar of Trog.
 10135 | D:6      | Noticed Duvessa
 10137 | D:6      | Noticed Dowan
 10148 | D:6      | Killed Duvessa
 10149 | D:6      | Reached skill level 5 in Dodging
 10149 | D:6      | Reached skill level 5 in Earth Magic
 10288 | D:6      | Found a broken altar of Ashenzari.
 10289 | D:6      | Found an ornate altar of the Wu Jian Council.
 10365 | D:6      | Killed Dowan
 10525 | D:6      | Killed Edmund
 10526 | D:6      | Reached XP level 9. HP: 40/51 MP: 0/13
 10796 | D:6      | Killed Maggie
 11140 | D:9      | Noticed a hornet
 11147 | D:9      | Killed a hornet
 12137 | D:9      | Noticed a troll
 12141 | D:9      | Killed a troll
 12142 | D:9      | Reached XP level 10. HP: 56/56 MP: 7/14
 12558 | D:9      | Reached ** piety under Vehumet
 12558 | D:9      | Offered knowledge of Static Discharge by Vehumet.
 12867 | D:9      | Noticed a kobold demonologist
 13479 | D:9      | Killed a kobold demonologist
 14338 | D:9      | Reached skill level 10 in Conjurations
 14779 | D:9      | Found a staircase to the Orcish Mines.
 15139 | D:9      | Reached XP level 11. HP: 6/61 MP: 11/16
 15456 | D:9      | Offered knowledge of Inner Flame by Vehumet.
 15812 | D:9      | Learned a level 4 spell: Olgreb's Toxic Radiance
 15864 | D:9      | Noticed a cyclops
 16260 | D:9      | Killed a cyclops
 16664 | D:9      | Found a staircase to the Orcish Mines.
 16968 | D:9      | Reached skill level 5 in Poison Magic
 17181 | Orc:1    | Entered Level 1 of the Orcish Mines
 17187 | Orc:1    | Reached *** piety under Vehumet
 17194 | Orc:1    | Noticed an orc high priest
 17269 | Orc:1    | Killed an orc high priest
 18794 | D:10     | Entered Level 10 of the Dungeon
 18825 | D:10     | Noticed Erica
 18834 | D:10     | Killed Erica
 19151 | D:10     | Found a shimmering blue altar of Sif Muna.
 19279 | D:10     | Found a staircase to the Lair.
 19282 | D:10     | Noticed a two-headed ogre
 19300 | D:10     | Reached skill level 5 in Spellcasting
 19319 | D:10     | Killed a two-headed ogre
 19503 | D:10     | Reached skill level 10 in Dodging
 19531 | D:10     | Noticed a brown ugly thing
 19539 | D:10     | Killed a brown ugly thing
 19539 | D:10     | Offered knowledge of Hailstorm by Vehumet.
 20288 | Orc:2    | Entered Level 2 of the Orcish Mines
 20288 | Orc:2    | Noticed an orc sorcerer
 20295 | Orc:1    | Killed an orc sorcerer
 20296 | Orc:1    | Reached XP level 12. HP: 18/66 MP: 5/20
 20835 | Orc:2    | Noticed Rupert
 20985 | Lair:1   | Entered Level 1 of the Lair of Beasts
 20992 | Lair:1   | Noticed Grum
 21345 | Lair:1   | Killed Grum
 21468 | Lair:1   | Reached skill level 5 in Shields
 22007 | Lair:1   | You fall into a shaft and drop 1 floor!
 22884 | Lair:2   | Reached **** piety under Vehumet
 23567 | Lair:2   | Offered knowledge of Freezing Cloud by Vehumet.
 23581 | Lair:2   | Learned a level 5 spell: Freezing Cloud
 23954 | Lair:2   | Reached skill level 1 in Air Magic
 24226 | Lair:3   | Noticed Nergalle
 24529 | Lair:3   | Noticed a catoblepas
 24530 | Lair:3   | Killed Nergalle
 24679 | Lair:3   | Reached skill level 5 in Air Magic
 24744 | Lair:3   | Found a hole to the Spider Nest.
 24748 | Lair:3   | Reached XP level 13. HP: 71/71 MP: 19/23
 25645 | Lair:2   | Learned a level 5 spell: Lightning Bolt
 25648 | Lair:2   | Learned a level 2 spell: Poisonous Vapours
 25909 | Lair:3   | Found a runed translucent door.
 25909 | Lair:3   | Found a shimmering altar of Xom.
 25909 | Lair:3   | Noticed Lenagic's ghost (journeyman VSBe)
 26078 | Lair:3   | Reached ***** piety under Vehumet
 26078 | Lair:3   | Offered knowledge of Lee's Rapid Deconstruction by Vehumet.
 27372 | Lair:4   | Learned a level 5 spell: Lee's Rapid Deconstruction
 27848 | Lair:4   | Found a staircase to the Shoals.
 28065 | Lair:4   | Reached skill level 10 in Spellcasting
 29073 | Lair:5   | Reached XP level 14. HP: 76/76 MP: 21/29
 29223 | Lair:5   | Offered knowledge of Yara's Violent Unravelling by Vehumet.
 29540 | Lair:6   | Entered Level 6 of the Lair of Beasts
 31445 | Lair:6   | Found a staircase to the Slime Pits.
 32739 | Lair:6   | Found a staircase to the Slime Pits.
 34956 | D:11     | Reached XP level 15. HP: 81/81 MP: 17/30
 35015 | D:11     | Found a glowing golden altar of the Shining One.
 35062 | D:11     | Noticed Erolcha
 35069 | D:11     | Offered knowledge of Spellforged Servitor by Vehumet.
 35074 | D:11     | Killed Erolcha
 35493 | D:11     | Found Sun Wout's Armour Shoppe.
 35501 | D:11     | Bought a +2 buckler of protection for 236 gold pieces
 35934 | D:12     | Found a glowing silver altar of Zin.
 36590 | D:12     | Noticed Nessos
 36596 | D:12     | Killed Nessos
 36729 | D:12     | Found Foapnofuem's Mass Market.
 38977 | D:14     | Found a flagged portal.
 38986 | Bailey   | Entered a bailey
 39951 | D:14     | Found a broken altar of Ashenzari.
 39957 | D:14     | Shot with a bolt by a yaktaur

Illustrated notes

Levels and vault maps discovered:
D:1:      minmay_arrival_shattered_statue, layout_basic,
          hellmonk_ecumenical_altar_blasted, minmay_split_cup_small
D:2:      layout_loops_cross, minmay_liquid_box, kennysheep_nub
D:3:      layout_basic, trog_hazing_becter, mainiacjoe_overflow_small_starburst,
          amcnicky_altar_lugonu_corruption, uniq_sigmund
D:4:      layout_rooms, mainiacjoe_overflow_tiny_flanked, nicolae_shop_self_help
D:5:      layout_cave_pools, overflow_temple_1_default,
          nicolae_shop_firing_range
D:6:      layout_gridville, mainiacjoe_overflow_24_doors,
          mainiacjoe_overflow_divided_tiny, minmay_temple_entry_arrows,
          serial_glass, glass_columns_a, glass_columns_c, glass_columns_c,
          glass_columns_a, glass_columns_a, glass_columns_a, glass_columns_c,
          glass_columns_a, uniq_duvessa, uniq_edmund, uniq_maggie
D:7:      layout_basic, skrybe_limestone_x, minmay_statues_item,
          nicolae_shop_sticking_my_neck_out
D:8:      layout_loops_corners, amethyst_overflow_temple_binary
D:9:      cheibrodos_ideogram_h, layout_basic, hiddenorc1_lemuel, special_room
          [special_room_bee]
D:10:     layout_grid_maze, tgw_sif, due_lair_maze_entry_diamond, uniq_erica
D:11:     layout_irregular_city, serial_shops, shop,
          nicolae_tso_swordbearing_angel, uniq_erolcha
D:12:     minmay_angry_zag, layout_basic, minmay_shop_mass, zin_treasury,
          uniq_nessos
D:13:     layout_long_grid, evilmike_minifort
D:14:     layout_grid_maze, david_vaults_2, enter_bailey_6,
          ashenzari_conservatory_becter, hangedman_decor_push,
          nicolae_water_bricks
Temple:   nicolae_temple_hex_pool
Lair:1:   layout_loops_ring, uniq_grum
Lair:2:   lemuel_ratsnest, layout_gridlike, special_room, lemuel_fruit_fields
Lair:3:   lemuel_reptile_caves, layout_chaotic_city,
          spider_nest_entry_funnel_web, ebering_ghost_xom, uniq_nergalle
Lair:4:   layout_gridlike, minmay_shoals_entry_hut
Lair:5:   layout_cellular_growth, serial_bayou_crossing
Lair:6:   grunt_lair_end_beastmaster, layout_hall_layers,
          minmay_slime_entry_pillars, lemuel_fruit_tree
Orc:1:    layout_caves
Orc:2:    st_orc_mages, layout_caves, uniq_josephine, uniq_rupert

Skill      XL: |  1  2  3  4  5  6  7  8  9 10 11 12 13 14 15 |
---------------+----------------------------------------------+-----
Transmutations | 2 3 |  3.3
Conjurations   | 2 4 5 7 10 13 14 | 14.5
Poison Magic   | 1 2 9 |  9.0
Dodging        | 5 8 9 10 11 13 14 | 14.8
Spellcasting   | 3 5 7 11 | 11.0
Earth Magic    | 5 7 |  7.3
Shields        | 2 6 |  6.1
Air Magic      | 5 8 |  8.0
Stealth        | |  2.8

Action                   |  1- 3 |  4- 6 |  7- 9 | 10-12 | 13-15 || total
-------------------------+-------+-------+-------+-------+-------++-------
Melee: Unarmed           |    26 |       |       |       |       ||    26
       Constrict         |     8 |    19 |    42 |    38 |     8 ||   115
       Tentacles         |     6 |    16 |    37 |    34 |    14 ||   107
       Short sword       |       |    80 |   157 |   124 |       ||   361
       Dagger            |       |       |       |    82 |    85 ||   167
 Cast: Sandblast         |    58 |    28 |    33 |    18 |       ||   137
       Stone Arrow       |       |     5 |    50 |   201 |   482 ||   738
       Magic Dart        |       |     2 |     3 |     2 |       ||     7
       Mephitic Cloud    |       |       |    10 |    26 |    12 ||    48
       Olgreb's Toxic Ra |       |       |       |    37 |    86 ||   123
       Poisonous Vapours |       |       |       |       |    21 ||    21
       Lightning Bolt    |       |       |       |       |    16 ||    16
       Freezing Cloud    |       |       |       |       |     1 ||     1
       Lee's Rapid Decon |       |       |       |       |     3 ||     3
Evoke: Wand              |       |       |     4 |       |     2 ||     6
       Lightning rod     |       |       |       |     4 |       ||     4
  Use: Scroll            |       |    10 |       |    18 |     7 ||    35
       Potion            |       |       |     1 |       |     3 ||     4
 Stab: Sleeping          |       |     4 |     7 |       |       ||    11
       Confused          |       |       |     2 |     5 |     1 ||     8
       Distracted        |       |       |       |     1 |       ||     1
Armor: Skin              |     4 |     1 |     5 |     6 |    38 ||    54
Dodge: Dodged            |    35 |    53 |   183 |   388 |   339 ||   998
Block: Buckler           |       |       |       |       |    54 ||    54

Table legend: (Time is in decaauts)
 A = Elapsed time spent in this place.
 B = Non-inter-level travel time spent in this place.
 C = Inter-level travel time spent in this place.
 D = Time resting spent in this place.
 E = Time spent auto-exploring this place.
 F = Levels seen in this place.
 G = Mean time per level.
                   A        B        C        D        E       F      G
               +--------+--------+--------+--------+--------+-----+--------+
         Total |  40070 |  37658 |   2412 |   9535 |  22804 |  24 | 1669.6 |
       Dungeon |  25029 |  23488 |   1541 |   5856 |  14583 |  14 | 1787.8 |
        Temple |     68 |     55 |     13 |      0 |     39 |   1 |   68.0 |
          Lair |  13034 |  12276 |    758 |   3034 |   7449 |   6 | 2172.3 |
  Orcish Mines |   1465 |   1366 |     99 |    519 |    602 |   2 |  732.5 |
        Bailey |    471 |    471 |      0 |    126 |    131 |   1 |  471.0 |
               +--------+--------+--------+--------+--------+-----+--------+

Top non-repeatable levels by time:
     D:9: 5248 daAuts
     D:8: 3692 daAuts
  Lair:6: 3133 daAuts
  Lair:2: 2780 daAuts
  Lair:5: 2481 daAuts
  Lair:3: 2100 daAuts
    D:10: 1930 daAuts
    D:13: 1722 daAuts
     D:7: 1666 daAuts
     D:3: 1581 daAuts
     D:1: 1451 daAuts
     D:6: 1449 daAuts
     D:2: 1411 daAuts
     D:4: 1318 daAuts
    D:12: 1310 daAuts
